[Event "GER-ch Blitz 2019"]
[Site "Magdeburg"]
[Date "2019.05.25"]
[Round "5.8"]
[White "Baskin, Robert"]
[Black "Frischmann, Rick"]
[Result "0-1"]
[ECO "D00"]
[WhiteElo "2398"]
[BlackElo "2320"]
[Annotator "NA"]
[PlyCount "49"]
[EventDate "2019.05.25"]
[EventType "tourn"]
[EventCountry "GER"]
[Tiebreak "Number of wins+Number of black wins"]
[SourceTitle "playchess.com"]
[Source "ChessBase"]
[SourceQuality "1"]
[TimeControl "180+2"]

1. d4 d5 2. Bf4 Nc6 3. e3 Nf6 4. Nd2 Bg4 5. Ngf3 e6 6. Bb5 Bd6 7. Bg3 O-O 8. O-O Ne7 9. c4 Bxg3 10. hxg3 a6 11. Ba4 dxc4 12. Qc1 b5 13.
Bc2 Bf5 14. b3 c3 15. Nb1 b4 16. a3 a5 17. Ne5 c5 18. Bxf5 exf5 19. dxc5 Qd5 20. Nf3 Qxc5 21. Nbd2 Rfc8 22. Nc4 a4 23. axb4 Qxb4 24. Qa3 Qxb3 25. Nce5 0-1

[Event "GER-ch Blitz 2019"]
[Site "Magdeburg"]
[Date "2019.05.25"]
[Round "5.9"]
[White "Hirneise, Jens"]
[Black "Koch, Thomas"]
[Result "0-1"]
[ECO "B50"]
[WhiteElo "2375"]
[BlackElo "2474"]
[Annotator "ChessBase"]
[PlyCount "116"]
[EventDate "2019.05.25"]
[EventType "tourn"]
[EventCountry "GER"]
[Tiebreak "Number of wins+Number of black wins"]
[SourceTitle "playchess.com"]
[Source "ChessBase"]
[SourceQuality "1"]
[TimeControl "180+2"]

1. e4 c5 2. Nf3 d6 3. Nc3 e5 4. Bc4 Be7 5. d3 Nc6 6. Nd2 Bg5 7. Nf1 Bxc1 8.
Rxc1 Nf6 9. Ne3 Be6 10. O-O O-O 11. Ncd5 a6 12. c3 b5 13. Nxf6+ Qxf6 14. Bd5 Rac8 15. a4 Rc7 16. axb5 axb5 17. Ra1 Ne7 18. Bxe6 fxe6 19. Ra6 Nc6 20. Qb3 Rb8 21. Nd5 exd5 22. Qxd5+ Qf7 23. Rxc6 Qxd5 24. exd5 Rxc6 25. dxc6 Rc8 26. Ra1 Rxc6 27. Ra7 c4 28. dxc4 bxc4 29. Rb7 d5 30. Rd7 Rc5 31. g3 Rb5 32. Kg2 e4 33. Kf1 h6 34. Ke1 Kh7 35.
Rd6 Kg8 36. h4 Kf7 37. Rd7+ Kf6 38. Kf1 g5 39. Rd6+ Ke5 40. Rxh6 Rxb2 41. hxg5 Rc2 42. Rf6 Rxc3 43. Rf8 Ra3 44. g6 Ra7 45. Rf7 Ra8 46. g7 Rg8 47. Kg2 Ke6 48. Rc7 Kf6 49. Rc5 Ke6 50. Rc7 Kd6 51. Ra7 c3 52. Kf1 c2 53. Ra1 Rxg7 54. Rc1 Rc7 55. Ke2 Ke5 56. Kd2 Rf7 57. Rxc2 Rxf2+ 58. Kd1 Rxc2 0-1

[Event "GER-ch Blitz 2019"]
[Site "Magdeburg"]
[Date "2019.05.25"]
[Round "5.10"]
[White "Wichmann, Cliff"]
[Black "Stern, Rene"]
[Result "1/2-1/2"]
[ECO "D35"]
[WhiteElo "2280"]
[BlackElo "2538"]
[Annotator "ChessBase"]
[PlyCount "51"]
[EventDate "2019.05.25"]
[EventType "tourn"]
[EventCountry "GER"]
[Tiebreak "Number of wins+Number of black wins"]
[SourceTitle "playchess.com"]
[Source "ChessBase"]
[SourceQuality "1"]
[TimeControl "180+2"]

1. d4 d5 2. c4 e6 3. Nf3 Nf6 4. Nc3 Nbd7 5. cxd5 exd5 6. Bf4 c6 7. e3 Nb6 8. Bd3 Bg4 9. h3 Bxf3 10. Qxf3 Bd6 11. O-O Bxf4 12. Qxf4 O-O 13. Rac1 Qe7 14. a3 Ne8 15. e4 dxe4 16. Nxe4 Nd5 17. Qg3 Nef6 18. Ng5 Rfe8 19. Rc2 h6 20. Nf3 Ne4 21. Qg4 Qe6 22. Qxe6 Rxe6 23. Re1 Rae8 24. Rce2 f5 25. g3 g6 26. Ne5 1/2-1/2

[Event "GER-ch Blitz 2019"]
[Site "Magdeburg"]
[Date "2019.05.25"]
[Round "5.11"]
[White "Schulz, Karsten"]
[Black "Feuerstack, Aljoscha"]
[Result "1/2-1/2"]
[ECO "A06"]
[WhiteElo "2227"]
[BlackElo "2441"]
[Annotator "NA"]
[PlyCount "85"]
[EventDate "2019.05.25"]
[EventType "tourn"]
[EventCountry "GER"]
[Tiebreak "Number of wins+Number of black wins"]
[SourceTitle "playchess.com"]
[Source "ChessBase"]
[SourceQuality "1"]
[TimeControl "180+2"]

1. Nf3 d5 2. c4 c6 3. g3 Bf5 4. Bg2 e6 5. O-O h6 6. cxd5 cxd5 7. Qb3 Qd7 8.
Ne5 Qc7 9. Nc3 Nd7 10. Nxd7 Qxd7 11. d3 Bg6 12. e4 d4 13. Nb5 a6 14. Na3 Bxa3 15. Qxa3 Ne7 16. Bf4 O-O 17. Rac1 Nc6 18. Qd6 Rfd8 19. Qxd7 Rxd7 20. a3 e5 21. Bd2 Bh5 22. f3 f6 23. Kf2 Be8 24. Rc5 Kf8 25. Rfc1 Ke7 26. Bh3 Rdd8 27. b4 Bd7 28. Bf1 Kd6 29. f4 Rac8 30. Be2 Na7 31. Bd1 Bb5 32. Ke2 Rxc5 33. Rxc5 Rc8 34. fxe5+ fxe5 35. Rd5+ Ke6 36. Ke1 Re8 37. Bb3 Kf6 38. Ke2 Nc8 39. Rc5 Ne7 40. Rc7 Bc6 41. a4 Rc8 42. Rxc8 Nxc8 43. Be1 1/2-1/2

[Event "GER-ch Blitz 2019"]
[Site "Magdeburg"]
[Date "2019.05.25"]
[Round "5.12"]
[White "Voege, Tobias"]
[Black "Carow, Johannes"]
[Result "0-1"]
[ECO "D20"]
[WhiteElo "2294"]
[BlackElo "2445"]
[Annotator "NA"]
[PlyCount "56"]
[EventDate "2019.05.25"]
[EventType "tourn"]
[EventCountry "GER"]
[Tiebreak "Number of wins+Number of black wins"]
[SourceTitle "playchess.com"]
[Source "ChessBase"]
[SourceQuality "1"]
[TimeControl "180+2"]

1. d4 d5 2. c4 dxc4 3. e4 Nf6 4. e5 Nd5 5. Bxc4 Bf5 6. a3 e6 7. Ne2 Be7 8. O-O O-O 9. Nbc3 Nxc3 10. bxc3 c5 11. Be3 Nd7 12. Ng3 Bg6 13.
f4 cxd4 14. cxd4 Nb6 15. Bb3 Nd5 16. Qd2 f5 17. exf6 Bxf6 18.
Rad1 Kh8 19. f5 exf5 20. Nxf5 Re8 21. Bxd5 Qxd5 22. Nh6 Rxe3 23. Qxe3 Bg5 24. Nf7+ Bxf7 25. Qg3 Bg8 26. h4 Bf6 27. Rf4 Be5 28. Qf3 Bxf4 0-1

[Event "GER-ch Blitz 2019"]
[Site "Magdeburg"]
[Date "2019.05.25"]
[Round "5.13"]
[White "Schneider, Ilja"]
[Black "Braeuning, Rudolf Wilhelm"]
[Result "1-0"]
[ECO "B22"]
[WhiteElo "2494"]
[BlackElo "2285"]
[Annotator "ChessBase"]
[PlyCount "137"]
[EventDate "2019.05.25"]
[EventType "tourn"]
[EventCountry "GER"]
[Tiebreak "Number of wins+Number of black wins"]
[SourceTitle "playchess.com"]
[Source "ChessBase"]
[SourceQuality "1"]
[TimeControl "180+2"]

1. e4 c5 2. c3 d5 3. exd5 Qxd5 4. Nf3 Nc6 5. Na3 Bg4 6. Be2 e5 7. Nc2 Qd7 8. Ne3 h5 9. h3 Bxf3 10. Bxf3 Nf6 11. Qa4 Nd8 12. Qxd7+ Kxd7 13. d3 Nc6 14. Nc4 Bd6 15. Be3 b5 16. Nxd6 Kxd6 17. a4 b4 18. cxb4 Nxb4 19. Bxa8 Nc2+ 20. Kd2 Nxa1 21. Rxa1 Rxa8 22. Rc1 Nd7 23. Rc4 Rb8 24. Kc2 a5 25. Bd2 Ra8 26. Rh4 g6 27. g4 hxg4 28. hxg4 Nb6 29. b3 Nd5 30. Rh7 Ke6 31. f3 Nb4+ 32. Bxb4 cxb4 33. Kd2 Rc8 34. Rh1 Rc3 35. Rh8 Rxb3 36. Ra8 Rb2+ 37. Ke3 Ra2 38. Rxa5 b3 39. Rb5 Rxa4 40. Rxb3 f5 41. Rb6+ Kf7 42. g5 Ra1 43. Rb7+ Kf8 44. Rb5 f4+ 45. Ke4 Re1+ 46. Kd5 Re3 47. Ke6 Rxf3 48. Rb8+ Kg7 49. Rb7+ Kg8 50. Rd7 Re3 51. Kf6 f3 52. Kxg6 Kf8 53. Kf6 Ke8 54. Re7+ Kd8 55. Rf7 Rxd3 56. Kxe5 Ra3 57. g6 Ke8 58. Kf6 f2 59. Kg7 Ra2 60. Kg8 Rd2 61. g7 Rc2 62.
Rf3 Rd2 63. Kh7 f1=Q 64. Rxf1 Rh2+ 65. Kg8 Ke7 66. Re1+ Kf6 67. Kf8 Rf2 68. g8=Q Kf5 69. Qf7+ 1-0

[Event "GER-ch Blitz 2019"]
[Site "Magdeburg"]
[Date "2019.05.25"]
[Round "5.14"]
[White "Heistermann, Till"]
[Black "Krause, Benedict"]
[Result "0-1"]
[ECO "D79"]
[WhiteElo "2181"]
[BlackElo "2434"]
[Annotator "NA"]
[PlyCount "120"]
[EventDate "2019.05.25"]
[EventType "tourn"]
[EventCountry "GER"]
[Tiebreak "Number of wins+Number of black wins"]
[SourceTitle "playchess.com"]
[Source "ChessBase"]
[SourceQuality "1"]
[TimeControl "180+2"]

1. Nf3 Nf6 2. g3 g6 3. Bg2 Bg7 4. O-O O-O 5. c4 c6 6. d4 d5 7. cxd5 cxd5 8. Nc3 Ne4 9. e3 Nxc3 10. bxc3 Nc6 11. Qb3 Na5 12.
Qa4 Bd7 13. Qb4 e6 14. Nd2 Rc8 15. Ba3 Re8 16. Qb2 b6 17. Rac1 Nc4 18. Nxc4 Rxc4 19. Rfe1 Bf8 20. e4 dxe4 21. Bxe4 Bc6 22. Bxf8 Rxf8 23. Qe2 Bd5 24. Rc2 Bxe4 25. Qxe4 Qd7 26. h4 h5 27. g4 hxg4 28. Qxg4 Qd5 29. Re3 Rfc8 30. Rd3 b5 31. a3 a5 32. h5 Qxh5 33. Qxh5 gxh5 34. Rb2 Rxc3 35. Rxc3 Rxc3 36. Rxb5 Rxa3 37.
Rxh5 Kg7 38. Kg2 Kf6 39. Rb5 Ra1 40. d5 exd5 41. Rxd5 a4 42.
Ra5 a3 43. Kh2 Ke6 44. Kg2 Kd6 45. Ra7 Kc5 46. Rxf7 Rd1 47. Ra7 Kb4 48. f4 Kb3 49. Kg3 a2 50. Kg4 a1=Q 51. Rxa1 Rxa1 52. Kf5 Kc4 53. Ke5 Re1+ 54. Kd6 Rf1 55. Ke5 Kc5 56. f5 Re1+ 57. Kf6 Kd6 58. Kg7 Ke7 59. f6+ Ke6 60. f7 Rg1+ 0-1

[Event "GER-ch Blitz 2019"]
[Site "Magdeburg"]
[Date "2019.05.25"]
[Round "5.15"]
[White "Hebbinghaus, Holger"]
[Black "Barzen, Pascal"]
[Result "0-1"]
[ECO "B13"]
[WhiteElo "2310"]
[BlackElo "2292"]
[Annotator "NA"]
[PlyCount "122"]
[EventDate "2019.05.25"]
[EventType "tourn"]
[EventCountry "GER"]
[Tiebreak "Number of wins+Number of black wins"]
[SourceTitle "playchess.com"]
[Source "ChessBase"]
[SourceQuality "1"]
[TimeControl "180+2"]

1. e4 c6 2. d4 d5 3. exd5 cxd5 4. Bf4 Nc6 5. c3 Nf6 6. Nd2 Bg4 7. Qb3 Qc8 8. Ngf3 e6 9. Bd3 Be7 10. O-O O-O 11. Ne5 Bh5 12. Qc2 Bg6 13.
Nxg6 hxg6 14. Rae1 a6 15. Nf3 b5 16. a3 Qb7 17. Re3 Rac8 18.
Qe2 Ng4 19. Rxe6 Qd7 20. Rxe7 Qxe7 21. Qd2 Nf6 22. Re1 Ne4 23. Qe3 Rfe8 24. h4 Qd7 25. Qc1 Qg4 26. Bh2 Nf6 27. Rxe8+ Rxe8 28. Bg3 Ne4 29. Bh2 Ne7 30. Qf4 Qxf4 31. Bxf4 f6 32. Kf1 Nc6 33. g4 Kf7 34. Ne1 Na5 35.
Bc2 Nc4 36. Nd3 g5 37. hxg5 fxg5 38. Be5 Nf6 39. f3 Nd7 40. Kf2 Ndxe5 41. dxe5 Nxe5 42. Nb4 Nc4 43. Nd3 d4 44. cxd4 Rd8 45. b3 Nxa3 46. Bd1 Rxd4 47. Ke3 Rd8 48. Ne5+ Kf6 49. Nd3 Nb1 50. Bc2 Nc3 51. Nc5 Nd5+ 52. Ke2 Nf4+ 53. Ke3 Rc8 54. Ne4+ Ke5 55. Bd1 a5 56. Kd2 Kd4 57. Nd6 Rd8 58. Nf5+ Kc5+ 59. Kc2 a4 60. bxa4 bxa4 61. Nxg7 a3 0-1

[Event "GER-ch Blitz 2019"]
[Site "Magdeburg"]
[Date "2019.05.25"]
[Round "6.1"]
[White "Heidrich, Manfred"]
[Black "Gustafsson, Jan"]
[Result "1/2-1/2"]
[ECO "C48"]
[WhiteElo "2351"]
[BlackElo "2639"]
[Annotator "ChessBase"]
[PlyCount "128"]
[EventDate "2019.05.25"]
[EventType "tourn"]
[EventCountry "GER"]
[Tiebreak "Number of wins+Number of black wins"]
[SourceTitle "playchess.com"]
[Source "ChessBase"]
[SourceQuality "1"]
[TimeControl "180+2"]

1. e4 e5 2. Nf3 Nc6 3. Nc3 Nf6 4. Bb5 Bd6 5. d4 O-O 6. O-O exd4 7. Nxd4 Nxd4 8.
Qxd4 Qe7 9. Bg5 Bxh2+ 10.
Kh1 Be5 11. Qd3 c6 12. Ba4 Qb4 13. Bb3 Bxc3 14. bxc3 Qxe4 15. Bxf6 Qxd3 16. cxd3 gxf6 17. Rfe1 d5 18. Re7 Bf5 19. Rxb7 Bxd3 20. Ba4 c5 21. Re1 Rab8 22. Ree7 Rxb7 23. Rxb7 a5 24. Rd7 Bc4 25. Bb3 Bxb3 26. axb3 c4 27. bxc4 dxc4 28. Ra7 Rd8 29. Rxa5 Rd3 30. Ra3 Kg7 31. Kg1 Kg6 32. Kf1 f5 33. Ke2 f4 34. f3 h5 35. Ra6+ f6 36. Ra3 Kg5 37.
Kf2 Rd2+ 38. Kg1 Rc2 39. Kh2 Kh4 40. Ra6 Rxc3 41. Rxf6 Kg5 42. Rc6 Rc1 43. Rc5+ Kg6 44. Rc6+ Kf7 45. Rh6 c3 46. Rxh5 Ke6 47. Rc5 Kd6 48. Rc4 Kd5 49. Rc8 Kd4 50. Rd8+ Ke3 51. Re8+ Kf2 52. Rc8 Ke2 53. Kh3 Kd2 54. Kg4 Rg1 55. Kxf4 Rxg2 56. Ke4 c2 57. f4 c1=Q 58. Rxc1 Kxc1 59. f5 Kd2 60. f6 Kc3 61. Ke5 Kc4 62. f7 Rf2 63. Ke6 Kc5 64.
Ke7 Rxf7+ 1/2-1/2

[Event "GER-ch Blitz 2019"]
[Site "Magdeburg"]
[Date "2019.05.25"]
[Round "6.2"]
[White "Kirchner, Thomas"]
[Black "Svane, Frederik"]
[Result "0-1"]
[ECO "C02"]
[WhiteElo "2311"]
[BlackElo "2342"]
[Annotator "NA"]
[PlyCount "83"]
[EventDate "2019.05.25"]
[EventType "tourn"]
[EventCountry "GER"]
[Tiebreak "Number of wins+Number of black wins"]
[SourceTitle "playchess.com"]
[Source "ChessBase"]
[SourceQuality "1"]
[TimeControl "180+2"]

1. e4 c5 2. Nf3 e6 3. c3 d5 4. e5 Nc6 5. d4 Bd7 6. Bd3 Qb6 7. Bc2 cxd4 8. cxd4 Nb4 9. Nc3 Nxc2+ 10. Qxc2 Ne7 11. O-O Nf5 12. Rd1 Be7 13. Be3 Rc8 14. a3 O-O 15. Rac1 Rc4 16. Nd2 Rc7 17. b4 Rfc8 18. Qd3 Qa6 19. Qxa6 bxa6 20. Ne2 Bb5 21. Rxc7 Rxc7 22. Rc1 Rxc1+ 23. Nxc1 a5 24. bxa5 Bxa3 25. Ncb3 Bb4 26. g4 Ne7 27. Kg2 Nc6 28. f4 Nxa5 29. Nxa5 Bxa5 30. Nb3 Bc3 31. Kf3 a5 32. Bd2 Bxd2 33. Nxd2 Kf8 34. Ke3 Ke7 35. g5 Kd7 36. Nb1 Kc6 37. Kd2 Bc4 38. Na3 Bf1 39. h4 Kb6 40. Kc3 Be2 41. Kd2 Bf1 42. Kc3 0-1

[Event "GER-ch Blitz 2019"]
[Site "Magdeburg"]
[Date "2019.05.25"]
[Round "6.3"]
[White "Schulze, Marc"]
[Black "Kopylov, Michael"]
[Result "0-1"]
[ECO "D00"]
[WhiteElo "2220"]
[BlackElo "2413"]
[Annotator "NA"]
[PlyCount "102"]
[EventDate "2019.05.25"]
[EventType "tourn"]
[EventCountry "GER"]
[Tiebreak "Number of wins+Number of black wins"]
[SourceTitle "playchess.com"]
[Source "ChessBase"]
[SourceQuality "1"]
[TimeControl "180+2"]

1. d4 d5 2. Bf4 Nf6 3. e3 g6 4. Nf3 Bg7 5. h3 O-O 6. Bd3 c5 7. c3 Nfd7 8. Nbd2 Nc6 9. O-O b6 10. e4 cxd4 11. exd5 Nc5 12. Bb5 Qxd5 13. Bxc6 Qxc6 14. cxd4 Ne6 15. Be3 Bb7 16. Rc1 Qd5 17. Qa4 Rfd8 18. Rfd1 a5 19. a3 b5 20. Qb3 Qxb3 21. Nxb3 Bxf3 22. gxf3 a4 23. Nc5 Nxd4 24. Kg2 Nb3 25. Rxd8+ Rxd8 26. Nxb3 axb3 27. Rc5 Bxb2 28. Rxb5 Rd3 29. Bh6 f6 30. a4 Be5 31. Bc1 Rd1 32. Ba3 Ra1 33. Rxb3 Kf7 34. a5 Bd6 35. Bxd6 exd6 36. Rb7+ Ke6 37. Rxh7 Rxa5 38. Rh4 d5 39. Rd4 Ke5 40. Rd2 d4 41. Kg3 Kd5 42. Kf4 Kc4 43. Ke4 Re5+ 44. Kf4 d3 45. Rd1 Kc3 46. Rc1+ Kb2 47. Rc6 g5+ 48. Kg3 d2 49. Rd6 Kc1 50. Rc6+ Kd1 51. Rd6 Ke1 0-1

[Event "GER-ch Blitz 2019"]
[Site "Magdeburg"]
[Date "2019.05.25"]
[Round "6.4"]
[White "Ehmann, Thilo"]
[Black "Zelbel, Patrick"]
[Result "1-0"]
[ECO "C63"]
[WhiteElo "2291"]
[BlackElo "2439"]
[Annotator "NA"]
[PlyCount "95"]
[EventDate "2019.05.25"]
[EventType "tourn"]
[EventCountry "GER"]
[Tiebreak "Number of wins+Number of black wins"]
[SourceTitle "playchess.com"]
[Source "ChessBase"]
[SourceQuality "1"]
[TimeControl "180+2"]

1. e4 e5 2. Nf3 Nc6 3. Bb5 f5 4. Nc3 fxe4 5. Nxe4 Nf6 6. Qe2 d5 7. Nxf6+ gxf6 8. d4 Bg7 9. O-O O-O 10. Bxc6 bxc6 11. dxe5 Re8 12. e6 Rxe6 13. Qd3 c5 14. c4 c6 15. b3 Ba6 16. Qc2 Qe8 17. Ba3 Re2 18. Qd3 Rd8 19. Rfe1 Rxe1+ 20. Rxe1 Qf7 21. Bxc5 Rd7 22. Rd1 Qe6 23. Qe3 Qxe3 24. Bxe3 Kf7 25. cxd5 Rxd5 26. Rxd5 cxd5 27. Bxa7 f5 28. Bd4 Bf8 29.
Nh4 Ke6 30. f3 Be7 31. g3 Bd3 32. a4 Bc2 33. a5 Kd7 34. Kf2 Kc6 35. a6 Bxh4 36. gxh4 Bxb3 37. Ke3 h5 38. a7 Kb7 39. Kd2 Bc4 40. f4 Bb5 41. Kc3 Bf1 42. Bc5 Bg2 43. Kd4 Be4 44. Ke5 Ka8 45. Bd4 Kb7 46. Kf6 Bd3 47. Kg6 Ka8 48. Kxh5 1-0

[Event "GER-ch Blitz 2019"]
[Site "Magdeburg"]
[Date "2019.05.25"]
[Round "6.5"]
[White "Kopylov, Daniel"]
[Black "Braeuer, Franz"]
[Result "0-1"]
[ECO "B90"]
[WhiteElo "2263"]
[BlackElo "2445"]
[Annotator "NA"]
[PlyCount "56"]
[EventDate "2019.05.25"]
[EventType "tourn"]
[EventCountry "GER"]
[Tiebreak "Number of wins+Number of black wins"]
[SourceTitle "playchess.com"]
[Source "ChessBase"]
[SourceQuality "1"]
[TimeControl "180+2"]

1. e4 c5 2. Nf3 d6 3. d4 cxd4 4. Nxd4 Nf6 5. Nc3 a6 6. Be3 e5 7. Nf3 Be7 8. Bc4 O-O 9. O-O Be6 10. Bb3 Nc6 11. Qe2 Rc8 12. Rfd1 Qc7 13.
Bg5 Na5 14. Nd2 h6 15. Bxf6 Bxf6 16. Bd5 Nc6 17. Nf3 Bg4 18. h3 Nd4 19. Rxd4 Bxf3 20. Qxf3 exd4 21. Ne2 Qxc2 22. Ng3 Qxb2 23. Rf1 Rc1 24. Rxc1 Qxc1+ 25. Kh2 Be5 26. Qf5 d3 27. h4 Qf4 28. Qh3 d2
0-1

[Event "GER-ch Blitz 2019"]
[Site "Magdeburg"]
[Date "2019.05.25"]
[Round "6.6"]
[White "Buhmann, Rainer"]
[Black "Schmaltz, Roland"]
[Result "1-0"]
[ECO "E73"]
[WhiteElo "2573"]
[BlackElo "2461"]
[Annotator "ChessBase"]
[PlyCount "117"]
[EventDate "2019.05.25"]
[EventType "tourn"]
[EventCountry "GER"]
[Tiebreak "Number of wins+Number of black wins"]
[SourceTitle "playchess.com"]
[Source "ChessBase"]
[SourceQuality "1"]
[TimeControl "180+2"]

1. d4 Nf6 2. c4 g6 3. Nc3 Bg7 4. e4 d6 5. Be2 O-O 6. Be3 c5 7. d5 e6 8. Nf3 exd5 9. cxd5 Bg4 10. Nd2 Bxe2 11. Qxe2 Re8 12. f3 Na6 13. O-O Nc7 14. Kh1 b5 15. Nxb5 Nxb5 16. Qxb5 Nxd5 17. exd5 Rxe3 18. Nc4 Rd3 19. Rad1 Rxd1 20. Rxd1 Bf8 21. b3 h5 22. Kg1 Qf6 23. Qa5 Re8 24. Qd2 Qf5 25. Kf1 Kh7 26. Qd3 Qf4 27. g3 Qf6 28. h4 Bg7 29. Kg2 Qd8 30.
Rd2 Bd4 31. Re2 Re7 32. Rxe7 Qxe7 33. Qe4 Qd8 34. Qf4 Qe8 35. Kf1 Be5 36. Qe4 f5 37.
Qe2 Qe7 38. f4 Bf6 39. Qxe7+ Bxe7 40. Na5 Bd8 41. Nc6 Bb6 42. Ke2 Kg7 43. Kd3 Kf7 44. Kc4 a6 45. Nb8 Ba5 46. Nxa6 Be1 47. a4 Bxg3 48. a5 Be1 49. b4 g5 50. fxg5 f4 51. bxc5 f3 52. Kd3 Bxa5 53. c6 Ke8 54. Ke3 Be1 55. Kxf3 Bxh4 56. g6 Bf6 57. Nc7+ Kd8 58. Ne6+ Kc8 59. g7 1-0

[Event "GER-ch Blitz 2019"]
[Site "Magdeburg"]
[Date "2019.05.25"]
[Round "6.7"]
[White "Stein, Robert"]
[Black "Baskin, Robert"]
[Result "1-0"]
[ECO "D71"]
[WhiteElo "2318"]
[BlackElo "2398"]
[Annotator "NA"]
[PlyCount "137"]
[EventDate "2019.05.25"]
[EventType "tourn"]
[EventCountry "GER"]
[Tiebreak "Number of wins+Number of black wins"]
[SourceTitle "playchess.com"]
[Source "ChessBase"]
[SourceQuality "1"]
[TimeControl "180+2"]

1. d4 Nf6 2. c4 g6 3. g3 Bg7 4. Bg2 O-O 5. Nc3 d6 6. Nf3 c6 7. O-O Qb6 8. b3 e5 9. Ba3 Qa5 10. Bb2 Nbd7 11. Qc2 Re8 12. e4 exd4 13. Nxd4 Nc5 14. Rfe1 Bd7 15. Rad1 Re7 16. a3 Qc7 17. b4 Ne6 18. Nb3 h5 19.
Qd2 Ne8 20. Rc1 Qd8 21. Na4 Bxb2 22. Nxb2 c5 23. f4 Qb6 24. Kh1 Nf6 25. e5 dxe5 26. fxe5 Ng4 27. h3 cxb4 28. axb4 Nf2+ 29. Kh2 Kg7 30. Re2 Ng4+ 31. hxg4 hxg4 32. c5 Qc7 33. Qd6 Qd8 34. Kg1 Qe8 35. Nd4 Nxd4 36. Qxd4 Bb5 37. Re3 Rd8 38. Qf4 Qd7 39. Nc4 Bxc4 40. Qxc4 Qd2 41. Rce1 Rd4 42. Qe2 Qxb4 43. e6 f5 44. Re5 Rd2 45. Qe3 Qb2 46. Bf1 Rd8 47. Qg5 Qd4+ 48. Kg2 Qd2+ 49. Qxd2 Rxd2+ 50. R1e2 Rxe2+ 51. Rxe2 Kf6 52. Rb2 Kxe6 53. Bc4+ Kf6 54. Kf2 Rc7 55. Be2 Rxc5 56. Rxb7 a5 57. Ra7 Ke5 58. Re7+ Kf6 59. Ra7 Ke5 60. Re7+ Kf6 61. Ra7 Kg5 62. Ke3 Rc3+ 63. Kf2 Ra3 64. Ra6 a4 65. Bb5 Rf3+ 66. Kg2 a3 67. Be8 Re3 68. Rxg6+ Kh5 69. Re6+ 1-0

[Event "GER-ch Blitz 2019"]
[Site "Magdeburg"]
[Date "2019.05.25"]
[Round "6.8"]
[White "Koch, Thomas"]
[Black "Zuyev, Igor"]
[Result "1/2-1/2"]
[ECO "E16"]
[WhiteElo "2474"]
[BlackElo "2447"]
[Annotator "ChessBase"]
[PlyCount "85"]
[EventDate "2019.05.25"]
[EventType "tourn"]
[EventCountry "GER"]
[Tiebreak "Number of wins+Number of black wins"]
[SourceTitle "playchess.com"]
[Source "ChessBase"]
[SourceQuality "1"]
[TimeControl "180+2"]

1. d4 Nf6 2. c4 e6 3. Nf3 Bb4+ 4. Bd2 Qe7 5. g3 Nc6 6. Bg2 Bxd2+ 7. Nbxd2 O-O 8. O-O d6 9. e4 e5 10. d5 Nb8 11. Ne1 a5 12. Nd3 Na6 13.
a3 Bg4 14. f3 Bd7 15. b3 c6 16. dxc6 bxc6 17. Kh1 c5 18. f4 Rfd8 19. Rb1 Nc7 20. Qe2 Bg4 21. Qe3 Ne6 22. fxe5 dxe5 23. Nxe5 Qd6 24. Ndf3 Bxf3 25. Nxf3 Ng4 26. Qc3 Nd4 27. Nxd4 cxd4 28. Qf3 Ne5 29. Qf4 f6 30. b4 axb4 31. axb4 Qe7 32. c5 Ra2 33. Qf5 Rc2 34. Bh3 Qb7 35. Qe6+ Kh8 36. Bg2 Qb5 37. Rxf6 Qe2 38. Rg1 Ng4 39. Qe7 Rg8 40. Rf4 Nf2+ 41. Rxf2 Qxf2 42. Qd7 Re2 43. Qf5 1/2-1/2

[Event "GER-ch Blitz 2019"]
[Site "Magdeburg"]
[Date "2019.05.25"]
[Round "6.9"]
[White "Frischmann, Rick"]
[Black "Wichmann, Cliff"]
[Result "0-1"]
[ECO "C05"]
[WhiteElo "2320"]
[BlackElo "2280"]
[Annotator "NA"]
[PlyCount "109"]
[EventDate "2019.05.25"]
[EventType "tourn"]
[EventCountry "GER"]
[Tiebreak "Number of wins+Number of black wins"]
[SourceTitle "playchess.com"]
[Source "ChessBase"]
[SourceQuality "1"]
[TimeControl "180+2"]

1. e4 e6 2. d4 d5 3. Nd2 Nf6 4. e5 Nfd7 5. f4 c5 6. c3 Nc6 7. Ndf3 Qb6 8. h4 Be7 9. a3 cxd4 10. cxd4 Na5 11. b4 Nc4 12. Bd3 a5 13.
b5 Qxb5 14. Ne2 Qa6 15. O-O b5 16. f5 Qb6 17. Kh1 Nf8 18.
Nf4 Qd8 19. Nh5 Bxh4 20. Nxg7+ Kd7 21. Rb1 Kc6 22. a4 b4 23. Nd2 Ne3 24. Qh5 Nxf1 25. Nxf1 Ra7 26. f6 Be1 27. Bb2 Bf2 28.
Qe2 Bh4 29. Qc2+ Kb7 30. Rc1 Kb8 31. Qc6 Bg5 32. Rc5 Bb7 33. Qb5 Nd7 34. Rc1 Nxf6 35. exf6 Bxf6 36. Nh5 Be7 37. Rc2 Qe8 38. Bc1 Qxb5 39. Bxb5 Rc8 40. Bf4+ Ka8 41. Rf2 f5 42. Ng7 Bc6 43. Nxe6 Bxb5 44. axb5 b3 45. Nc5 Bxc5 46. dxc5 Rxc5 47. Be3 Rc2 48. Bxa7 Kxa7 49. Rf3 a4 50. Ne3 b2 51. Nxc2 b1=Q+ 52. Kh2 Qxc2 53. Rh3 Kb6 54. Rxh7 a3 55. Rh6+ 0-1

[Event "GER-ch Blitz 2019"]
[Site "Magdeburg"]
[Date "2019.05.25"]
[Round "6.10"]
[White "Feuerstack, Aljoscha"]
[Black "Hirneise, Jens"]
[Result "1-0"]
[ECO "B22"]
[WhiteElo "2441"]
[BlackElo "2375"]
[Annotator "NA"]
[PlyCount "67"]
[EventDate "2019.05.25"]
[EventType "tourn"]
[EventCountry "GER"]
[Tiebreak "Number of wins+Number of black wins"]
[SourceTitle "playchess.com"]
[Source "ChessBase"]
[SourceQuality "1"]
[TimeControl "180+2"]

1. e4 c5 2. c3 Nf6 3. e5 Nd5 4. Nf3 Nc6 5. Bc4 Nb6 6. Bb3 d5 7. exd6 Qxd6 8.
O-O Be6 9. Bxe6 Qxe6 10. a4 Qd7 11. a5 Nc8 12. a6 b6 13.
Na3 e6 14. Qa4 Be7 15. d4 O-O 16. Rd1 Rd8 17. Nb5 cxd4 18. Bf4 Nd6 19. Bxd6 Bxd6 20. Nfxd4 Be7 21. h3 g6 22. Nxc6 Qxc6 23. Rxd8+ Bxd8 24. Nd4 Qd5 25. Qc6 Qxc6 26. Nxc6 Bf6 27. Rd1 Rc8 28. Nxa7 Ra8 29. Rd7 Kf8 30. Rb7 Ke8 31. b4 Bxc3 32. b5 Bd4 33. Nc6 Bc5 34. a7 1-0

[Event "GER-ch Blitz 2019"]
[Site "Magdeburg"]
[Date "2019.05.25"]
[Round "6.11"]
[White "Stern, Rene"]
[Black "Voege, Tobias"]
[Result "0-1"]
[ECO "B39"]
[WhiteElo "2538"]
[BlackElo "2294"]
[Annotator "ChessBase"]
[PlyCount "44"]
[EventDate "2019.05.25"]
[EventType "tourn"]
[EventCountry "GER"]
[Tiebreak "Number of wins+Number of black wins"]
[SourceTitle "playchess.com"]
[Source "ChessBase"]
[SourceQuality "1"]
[TimeControl "180+2"]

1. Nf3 c5 2. c4 g6 3. e4 Bg7 4. d4 cxd4 5. Nxd4 Nc6 6. Be3 Nf6 7. Nc3 Ng4 8.
Qxg4 Nxd4 9. Qd1 e5 10. Ne2 O-O 11. a3 Qh4 12. Qd3 f5 13.
exf5 d5 14. Bxd4 Bxf5 15. Qg3 Qxg3 16. Nxg3 exd4 17. Nxf5 Rae8+ 18. Kd1 Rxf5 19. f3 Rfe5 20. Bd3 Re3 21. Kc2 Rc8 22. b3 b5 0-1

[Event "GER-ch Blitz 2019"]
[Site "Magdeburg"]
[Date "2019.05.25"]
[Round "6.12"]
[White "Braeuning, Rudolf Wilhelm"]
[Black "Schulz, Karsten"]
[Result "1/2-1/2"]
[ECO "B06"]
[WhiteElo "2285"]
[BlackElo "2227"]
[Annotator "NA"]
[PlyCount "71"]
[EventDate "2019.05.25"]
[EventType "tourn"]
[EventCountry "GER"]
[Tiebreak "Number of wins+Number of black wins"]
[SourceTitle "playchess.com"]
[Source "ChessBase"]
[SourceQuality "1"]
[TimeControl "180+2"]

1. e4 g6 2. d4 Bg7 3. Nc3 d6 4. Be3 a6 5. f4 b5 6. Bd3 Nd7 7. Nf3 c5 8. dxc5 Nxc5 9. Bxc5 Bxc3+ 10. bxc3 dxc5 11. e5 Bb7 12. Qe2 Qc7 13. O-O Nh6 14. Ng5 e6 15. Be4 Nf5 16. Bxb7 Qxb7 17. Ne4 O-O 18. Nf6+ Kg7 19. g4 Ne7 20. Rad1 Rad8 21. c4 bxc4 22. Qxc4 Nd5 23. Nxd5 Rxd5 24. Rxd5 Qxd5 25. Qxd5 exd5 26. Rb1 Re8 27. Kf2 g5 28. Kf3 gxf4 29. Kxf4 Re6 30. h4 h6 31. g5 hxg5+ 32. hxg5 Rc6 33. Rd1 d4 34. Rb1 c4 35. Ke4 d3 36. cxd3 1/2-1/2